 Dungeon Crawl Stone Soup version 0.22-a0-135-g6f012ad (webtiles) character file.

285130 mhoghedin the Spry (level 21, -12/149 HPs)
             Began as a Halfling Hunter on Jan 30, 2018.
             Was the Champion of Dithmenos.
             Killed from afar by a deep elf sorcerer (19 damage)
             ... with damnation
             ... on level 3 of the Elven Halls on Jan 31, 2018.
             The game lasted 03:09:04 (47724 turns).

mhoghedin the Spry (Halfling Hunter)               Turns: 47724, Time: 03:09:05

Health: -12/149    AC: 15    Str: 20    XL:     21   Next: 48%
Magic:  0/29       EV: 32    Int:  9    God:    Dithmenos [******]
Gold:   861        SH:  0    Dex: 30    Spells: 14/20 levels left

rFire    + . .     SeeInvis .   b - +3 double sword (holy)
rCold    + + .     Gourm    .   (shield currently unavailable)
rNeg     + . .     Faith    .   R - +1 ring mail of Tasch {rN+ MR+ Dex+6}
rPois    .         Spirit   +   S - +2 helmet
rElec    .         Reflect  .   v - scarf {rC+ rF+}
rCorr    .         Harm     .   k - +1 pair of gloves
MR       +++..                  W - +2 pair of boots {Stlth+}
Stlth    +++++++++.             r - amulet of guardian spirit {Spirit}
HPRegen  0.34/turn              G - ring of Youthful Indiscretion {rC+ MR+}
MPRegen  0.21/turn              U - +6 ring of dexterity

@: about to teleport, corroded, very slightly contaminated, wreathed by umbra
A: small, mutation resistance 1
}: 2/15 runes: decaying, gossamer
a: Shadow Step, Shadow Form, Renounce Religion


You were on level 3 of the Elven Halls.
You worshipped Dithmenos.
Dithmenos was exalted by your worship.
You were not hungry.

You visited 9 branches of the dungeon, and saw 37 of its levels.
You visited the Abyss 1 time.
You visited 1 bazaar.
You also visited: Ice Cave.

You collected 3877 gold pieces.
You spent 3016 gold pieces at shops.

Inventory:

Hand Weapons
 a - a +9 arbalest of velocity
   (You found it on level 4 of the Lair of Beasts)
 b - a +3 double sword of holy wrath (weapon)
   (You took it off Donald on level 4 of the Swamp)
 h - a +2 rapier of speed
   (You found it on level 1 of the Lair of Beasts)
Missiles
 P - 93 bolts
 T - 5 throwing nets {=f, !d}
Armour
 i - a +2 cloak of invisibility
   (You took it off Crazy Yiuf on level 6 of the Dungeon)
 k - a +1 pair of gloves (worn)
   (You found it on level 2 of the Dungeon)
 v - a scarf of resistance (worn)
   (You found it on level 6 of the Dungeon)
 R - the +1 ring mail of Tasch (worn) {rN+ MR+ Dex+6}
   (You found it on level 6 of the Lair of Beasts)

   It affects your dexterity (+6).
   It protects you from negative energy.
   It affects your resistance to hostile enchantments.
 S - a +2 helmet (worn)
   (You found it on level 3 of the Lair of Beasts)
 W - a +2 pair of boots of stealth (worn)
   (You bought it in a shop on level 1 of the Elven Halls)
 X - the +2 robe of Onanisiuc {rElec Int+6 Dex+4, unknown}
   (You took it off a deep elf demonologist on level 3 of the Elven Halls)

   It affects your intelligence (+6).
   It affects your dexterity (+4).
   It insulates you from electricity.
Jewellery
 m - an uncursed amulet of regeneration {+regen, !d}
   (You found it on level 2 of the Dungeon)
 n - an uncursed ring of see invisible {sInv, !d}
   (You bought it in a shop on level 1 of the Elven Halls)
 p - an uncursed ring of positive energy {rN+}
   (You took it off an orc wizard on level 5 of the Dungeon)
 r - an amulet of guardian spirit (around neck) {Spirit}
   (You found it in an ice cave)
 x - the ring "Mebrem" {+Fly Int+2}
   (You found it on level 6 of the Dungeon)

   [ring of flight]

   It affects your intelligence (+2).
   It lets you fly.
 C - an uncursed ring of protection from fire {rF+, !d}
   (You bought it in a shop on level 2 of the Orcish Mines)
 E - the ring of Shadows {Umbra +Inv Stlth+}
   (You took it off a deep elf death mage on level 3 of the Elven Halls)

   [ring of stealth]

   It lets you turn invisible.
   It makes you more stealthy.
 G - the ring of Youthful Indiscretion (left hand) {rC+ MR+}
   (You acquired it on level 2 of the Orcish Mines)

   [ring of protection from magic]

   It protects you from cold.
   It affects your resistance to hostile enchantments.
 U - a +6 ring of dexterity (right hand)
   (You found it on level 3 of the Swamp)
Wands
 d - a wand of polymorph (37)
   (You took it off Ijyb on level 4 of the Dungeon)
 A - a wand of disintegration (6)
   (You found it on level 3 of the Elven Halls)
 D - a wand of paralysis (25)
   (You found it on level 8 of the Dungeon)
 H - a wand of acid (23)
   (You found it on level 9 of the Dungeon)
 K - a wand of digging (27)
   (You bought it in a shop on level 2 of the Orcish Mines)
 V - a wand of enslavement (24)
   (You found it on level 4 of the Lair of Beasts)
Scrolls
 c - 3 scrolls of teleportation
 e - 15 scrolls of remove curse
 j - a scroll of vulnerability {!r!r}
 l - 2 scrolls of amnesia
 s - 2 scrolls of silence
 w - 11 scrolls of identify
 y - a scroll of blinking {!r}
 B - a scroll of holy word {!r}
 F - a scroll of magic mapping {!r}
 L - 6 scrolls of fog
 M - a scroll of summoning
 Z - a scroll of fear
Potions
 g - 3 potions of magic
 o - 4 potions of mutation {!q}
 q - 2 potions of ambrosia
 t - 2 potions of agility
 u - 3 potions of haste
 z - 8 potions of curing
 I - 6 potions of brilliance
 J - a potion of resistance
 Q - 7 potions of flight
 Y - a potion of might
Miscellaneous
 N - a phial of floods
   (You found it on level 2 of the Lair of Beasts)
 O - a lightning rod (4/4)
   (You found it on level 2 of the Spider Nest)
Comestibles
 f - 7 rations


   Skills:
 + Level 14.5 Fighting
 - Level 12.6(14.3) Short Blades
 + Level 10.1(12.0) Long Blades
 + Level 16.1 Crossbows
 + Level 14.1 Armour
 + Level 16.6 Dodging
 - Level 8.8 Stealth
   Level 5.6 Shields
 - Level 2.9 Hexes
 - Level 2.4 Summonings
 - Level 4.0 Translocations
 - Level 7.0 Invocations
 - Level 11.5 Evocations


You had 14 spell levels left.
You knew the following spells:

 Your Spells              Type           Power        Failure   Level  Hunger
a - Portal Projectile     Hex/Tloc       #.....       38%         3    ####...
g - Apportation           Tloc           #.....       12%         1    ##.....
A - Animate Skeleton      Necr           N/A          52%         1    ##.....
B - Summon Butterflies    Summ           #.......     22%         1    ##.....


Dungeon Overview and Level Annotations

Branches:
Dungeon (15/15)            Temple (1/1) D:6            Lair (6/6) D:9
  Swamp (4/4) Lair:3       Spider (4/4) Lair:3        Slime (0/5) Lair:5
    Orc (2/2) D:10            Elf (3/3) Orc:2        Vaults (1/5) D:14
 Depths (1/5) D:15

Altars:
Dithmenos
Fedhas
Makhleb
Vehumet
Zin
Jiyva

Shops:
D:7 *   D:9 :   D:13 (   Orc:2 *}**   Elf:1 =}[   Elf:2 :   Depths:1 =}=

Portals:
Hell: Depths:1
Abyss: Depths:1

Annotations:
D:6 2 runed doors
Swamp:1 exclusion: hydra


Innate Abilities, Weirdness & Mutations

You are small and have problems with some larger weapons.
You are somewhat resistant to further mutation.


Message History

The deep elf elementalist shouts!
The bolt hits the deep elf sorcerer!
The deep elf sorcerer mumbles some strange words.
The deep elf sorcerer shimmers violently.
Firing (i - inventory. (/) - cycle)
P - 96 bolts (quivered)
Aim: a deep elf sorcerer, wielding an enchanted long sword and wearing a ring mail (moderately wounded, umbra)
You shoot a bolt. The bolt hits the deep elf sorcerer!!
The deep elf sorcerer casts a spell at you.
The sphere of damnation explodes!
The damnation engulfs you!
Firing (i - inventory. (/) - cycle)
P - 95 bolts (quivered)
Aim: a deep elf sorcerer, wielding an enchanted long sword and wearing a ring mail (severely wounded, umbra)
You shoot a bolt. The bolt hits the deep elf sorcerer.
Your shadow shoots a bolt.
The bolt hits the deep elf sorcerer!
The bolt disappears in a puff of smoke!
The deep elf elementalist casts a spell at you.
Some walls begin to move on their own!
The deep elf sorcerer gestures wildly while chanting.
The deep elf sorcerer seems to speed up.
You hear a shout! x2
You take 21 damage, and have 127/149 hp.
You now have 25/29 mp.
Firing (i - inventory. (/) - cycle)
P - 94 bolts (quivered)
Aim: a deep elf sorcerer, wielding an enchanted long sword and wearing a ring mail (almost dead, fast, umbra)
You shoot a bolt.
The bolt hits the earth elemental but does no damage.
The deep elf elementalist casts a spell at you.
Some walls begin to move on their own!
The deep elf sorcerer casts a spell at you.
The bolt of acid hits you!
You are splashed with acid!
The acid burns!
The earth elemental completely misses you.
You take 29 damage, and have 99/149 hp.
You now have 21/29 mp.
Your +3 double sword of holy wrath softly glows with a divine radiance!
b - a +3 double sword of holy wrath (weapon)
The deep elf elementalist gestures at the earth elemental while chanting.
You hear rumbling.
You hit the deep elf sorcerer.
Your shadow hits the deep elf sorcerer with a double sword.
The deep elf sorcerer completely misses you.
The deep elf sorcerer points at you and mumbles some strange words.
You resist with almost no effort.
Your ring mail of Tasch prevents you from hitting the deep elf sorcerer.
The deep elf sorcerer gestures at you while chanting.
The bolt of acid hits you!
You emit a cloud of dark smoke.
The acid corrodes you!
You are splashed with acid!
The acid burns!
The earth elemental hits you!!
A deep elf elementalist comes into view.
It is wielding a whip of draining.
You take 44 damage, and have 56/149 hp.
MASSIVE DAMAGE!!
You now have 12/29 mp.
Your ring mail of Tasch prevents you from hitting the deep elf sorcerer.
Your shadow barely misses the deep elf sorcerer.
The deep elf sorcerer points at you and mumbles some strange words.
You resist with almost no effort.
The deep elf elementalist mumbles some strange words.
The deep elf elementalist seems to speed up.
You hit the deep elf sorcerer.
The deep elf sorcerer points at you and mumbles some strange words.
The bolt of acid hits you!
* * * LOW HITPOINT WARNING * * *
You emit a cloud of dark smoke.
You are splashed with acid!
The acid burns!
* * * LOW HITPOINT WARNING * * *
The earth elemental hits you but does no damage.
You take 38 damage, and have 19/149 hp.
MASSIVE DAMAGE!!
You now have 5/29 mp.
As you read the scroll of fear, it crumbles to dust.
You assume a fearsome visage.
The earth elemental is unaffected.
The earth elemental is unaffected.
The earth elemental is unaffected.
The earth elemental is unaffected.
The earth elemental is unaffected.
The deep elf sorcerer resists with almost no effort.
The deep elf elementalist looks frightened!
The deep elf elementalist resists with almost no effort.
The deep elf sorcerer casts a spell at you.
The bolt of acid hits you!
* * * LOW HITPOINT WARNING * * *
You are splashed with acid!
The acid burns!
* * * LOW HITPOINT WARNING * * *
The deep elf sorcerer closely misses you.
You take 14 damage, and have 5/149 hp.
You now have 2/29 mp.
Really read
y - 3 scrolls of blinking {!r}?
Blink to where?
You are very lightly contaminated with residual magic.
As you read the scroll of blinking {!r}, it crumbles to dust.
You hear rumbling. x2; You hear a shout! x2
Really read
y - 2 scrolls of blinking {!r}?
Blink to where?
As you read the scroll of blinking {!r}, it crumbles to dust.
You hear rumbling.
The deep elf sorcerer casts a spell at you.
The bolt of acid misses you.
You hear a loud "Zot"!
As you read the scroll of teleportation, it crumbles to dust.
You feel strangely unstable.
Unknown command.
The deep elf sorcerer gestures at you while chanting.
The sphere of damnation explodes!
The damnation engulfs you!
You die...

#.# ##.....## #.# #.#.# #.#
##'#...#'## #.######.
#'###.#######.###..# ## #..#'##
##.###.## # ##...## ##'#...#
#.....###########....#####
##....'.....)..'.......[)(
##.#############...#.####
###....@..[.[........#
#######e###############.#
####....E))#,,,,,**** #.#
###.......E.§#,,,,,,,,*** #.#
*#.......E§.§§#,,,,,,,,,,** #.#
*,.....EE.§§§##+****,,,,,,* #.#
*,,,....e§E§§#,,,,,***,,,,**#.#
,,,,##.E.E§E.#,⌠,,,,,**,,,,*#(#
,,,*#(E...).##,,,,,,,,**,,,*#)#


You could see a deep elf sorcerer.

Vanquished Creatures
  Arachne (Spider:4)
  Jorgrun (Swamp:2)
  2 deep elf master archers (Elf:3)
  2 sphinxes
  4 thorn hunters
  2 tentacled starspawn (Abyss:1)
  Donald (Swamp:4)
  3 emperor scorpions
  A vault warden (Vaults:1)
  An orc warlord (Orc:2)
  A balrug (Abyss:1)
  2 frost giants (Depths:1)
  4 deep elf elementalists
  3 deep elf sorcerers
  A reaper (Abyss:1)
  2 ironheart preservers (Vaults:1)
  4 stone giants
  3 very ugly things (Depths:1)
  Nessos (D:15)
  3 deep elf demonologists (Elf:3)
  7 deep elf annihilators (Elf:3)
  3 spark wasps
  Snorg (Lair:6)
  4 fire dragons
  2 ettins
  4 deep elf death magi
  4 deep elf high priests (Elf:3)
  Erolcha (D:11)
  A great orb of eyes (Depths:1)
  Josephine (D:9)
  A quicksilver dragon skeleton (Abyss:1)
  Harold (Lair:3)
  27 hydras
  3 rakshasas
  6 catoblepae
  7 centaur warriors
  An anaconda (Swamp:4)
  A queen ant (Spider:2)
  19 two-headed ogres
  5 ogre magi
  20 dancing weapons
  7 death yaks (Lair:6)
  6 death scarabs (Spider:4)
  8 alligators
  A tengu warrior (D:14)
  2 orc high priests
  A deep troll earth mage (Depths:1)
  2 thrashing horrors (Abyss:1)
  A shadow wraith (Vaults:1)
  16 deep elf knights
  A sun demon (Abyss:1)
  4 spectral emperor scorpions (Spider:4)
  A sixfirhy (Abyss:1)
  6 skeletal warriors
  3 unseen horrors
  A deep troll (shapeshifter) (Vaults:1)
  3 deep trolls (Depths:1)
  A spatial maelstrom (Abyss:1)
  2 spriggan druids
  8 deep elf archers
  2 flayed ghosts
  An orange crystal statue (Elf:1)
  3 shambling mangroves
  2 ironbrand convokers (Vaults:1)
  2 wolf spider zombies (Spider:4)
  9 swamp dragons
  3 necromancers
  3 orc knights
  3 lindwurms (Swamp:4)
  A spectral wolf spider (Spider:4)
  A faun (shapeshifter) (Vaults:1)
  42 deep elf magi
  7 large abominations
  17 wolf spiders
  8 orb spiders
  6 ugly things
  4 cyclopes
  3 manticores
  A moth of wrath (Spider:4)
  A stone giant zombie (D:15)
  6 orc sorcerers
  2 oklob plants (Lair:3)
  The ghost of Xoff the Sneak, a novice OpWz of Vehumet (D:6)
  An elephant (shapeshifter) (D:15)
  A rust devil (Abyss:1)
  5 black mambas
  A fire giant skeleton (D:15)
  3 elephants (Lair:6)
  2 ice statues (IceCv)
  18 spiny frogs
  3 vault sentinels (Vaults:1)
  7 centaur skeletons
  4 gargoyles
  A torpor snail (Swamp:1)
  A spiny frog (shapeshifter) (Vaults:1)
  2 rime drakes
  5 spectral redbacks (Spider:4)
  7 yaktaurs
  A kobold demonologist (D:13)
  4 komodo dragons
  An efreet (D:13)
  2 redback zombies (Spider:4)
  13 demonic crawlers
  An ancient zyme (Abyss:1)
  2 tengu conjurers (D:14)
  A polar bear (Lair:5)
  A troll (shapeshifter) (Vaults:1)
  8 trolls
  20 jumping spiders
  A merfolk (D:12)
  A hornet (shapeshifter) (D:13)
  4 spectral tarantellas (Spider:4)
  7 tyrant leeches
  24 hornets
  4 raiju (Abyss:1)
  5 spectral jumping spiders (Spider:4)
  Prince Ribbit (Lair:1)
  14 slime creatures
  A fire dragon zombie (D:15)
  A jumping spider zombie (Spider:4)
  7 bog bodies
  A tarantella zombie (Spider:4)
  14 hippogriffs
  26 blink frogs
  An ice dragon zombie (D:15)
  2 air elementals (Elf:1)
  4 starcursed masses (Abyss:1)
  3 spriggans (Swamp:1)
  5 wraiths
  36 yaks
  3 shadows
  2 ynoxinuls (Abyss:1)
  48 redbacks
  A wyvern (D:11)
  22 tarantellas
  2 water elementals
  2 fire elementals
  3 hungry ghosts
  A human (D:12)
  28 vampire mosquitoes
  4 basilisks
  A spatial vortex (Abyss:1)
  3 insubstantial wisps (Swamp:3)
  A steam dragon (D:8)
  3 wargs
  16 swamp worms
  5 acid dragons
  A spectral hornet (Spider:4)
  15 water moccasins
  A floating eye (shapeshifter) (Depths:1)
  8 porcupines
  Duvessa (D:6)
  5 hell hounds
  22 orc warriors
  A porcupine (shapeshifter) (D:15)
  A black bear (D:8)
  3 eyes of draining
  14 swamp drakes
  5 sky beasts
  A swamp drake (shapeshifter) (Depths:1)
  25 ogres
  18 ice beasts
  10 wolves (Lair:1)
  10 boggarts
  20 centaurs
  10 crocodiles
  3 elf zombies (Elf:1)
  5 big kobolds
  12 bullfrogs
  2 gnoll sergeants (D:10)
  7 earth elementals
  Dowan (D:6)
  5 scorpions
  6 small abominations
  11 killer bees
  7 howler monkeys
  6 electric eels (D:8)
  9 crimson imps
  A bullfrog zombie (D:5)
  4 centaur zombies
  4 quasits
  10 hounds
  4 jellies
  4 bullfrog skeletons
  22 orc priests
  Crazy Yiuf (D:6)
  An iron imp (Abyss:1)
  33 orc wizards
  9 iguanas
  Ijyb (D:4)
  8 worker ants
  A killer bee zombie (D:5)
  A hound skeleton (D:8)
  17 gnolls
  A howler monkey skeleton (D:7)
  12 adders
  4 shadow imps
  4 ufetubi (Abyss:1)
  3 oozes
  3 adder skeletons
  5 worms
  A dart slug (D:3)
  6 leopard geckos
  59 orcs
  6 bats
  4 giant cockroaches
  5 goblins
  5 hobgoblins
  8 jackals
  4 quokkas
  5 frilled lizards
  A jackal zombie (D:6)
  6 kobolds
  6 rats
  A crawling corpse (Elf:3)
  A plant (Lair:3)
  A starspawn tentacle (Abyss:1)
  A withered plant (D:15)
1303 creatures vanquished.

Vanquished Creatures (collateral kills)
  A thorn hunter (Swamp:4)
  A deep elf sorcerer (Elf:2)
  A death yak (Lair:6)
  A shambling mangrove (Swamp:2)
  2 yaktaurs (Vaults:1)
  A hornet (Swamp:2)
  A tarantella (Spider:2)
  A redback (Spider:2)
  A warg (Orc:2)
10 creatures vanquished.

Vanquished Creatures (others)
  A hydra (Swamp:4)
  A two-headed ogre (Depths:1)
  2 deep elf knights (Elf:2)
  A deep elf mage (D:12)
  An orb spider (Spider:1)
  2 manticores
  An ugly thing (IceCv)
  2 yaks (Lair:6)
  An orc warrior (Orc:2)
  An iguana (Lair:3)
  2 orc wizards (D:14)
  2 orcs
  4 fungi
  A lurking horror (Abyss:1)
  8 plants
  A starspawn tentacle (Abyss:1)
  2 withered plants (D:15)
33 creatures vanquished.

Grand Total: 1346 creatures vanquished

Notes
Turn   | Place    | Note
-------+----------+-------------------------------------------
     0 | D:1      | mhoghedin the Halfling Hunter began the quest for the Orb.
     0 | D:1      | Reached XP level 1. HP: 14/14 MP: 1/1
   265 | D:1      | Reached skill level 1 in Short Blades
   272 | D:1      | Reached XP level 2. HP: 19/19 MP: 2/2
   883 | D:2      | Reached XP level 3. HP: 21/24 MP: 3/3
  1042 | D:2      | Reached skill level 2 in Short Blades
  1169 | D:2      | Reached skill level 2 in Stealth
  1315 | D:2      | Reached skill level 5 in Crossbows
  1530 | D:2      | Reached XP level 4. HP: 29/29 MP: 4/4
  2022 | D:3      | Reached XP level 5. HP: 33/34 MP: 5/5
  2321 | D:3      | Reached skill level 3 in Short Blades
  2321 | D:3      | Reached skill level 3 in Stealth
  2764 | D:5      | Entered Level 5 of the Dungeon
  2804 | D:5      | Reached XP level 6. HP: 37/39 MP: 6/6
  2880 | D:5      | Reached skill level 2 in Fighting
  3042 | D:5      | Reached skill level 6 in Crossbows
  3099 | D:5      | Found a glowing silver altar of Zin.
  3099 | D:5      | Found a shadowy altar of Dithmenos.
  3128 | D:5      | Noticed a water moccasin
  3153 | D:5      | Became a worshipper of Dithmenos the Shadowed
  3225 | D:5      | Killed a water moccasin
  3225 | D:5      | Reached skill level 3 in Fighting
  3225 | D:5      | Reached XP level 7. HP: 37/46 MP: 7/7
  3606 | D:5      | Reached skill level 4 in Short Blades
  3658 | D:5      | Reached skill level 3 in Dodging
  3832 | D:5      | Reached skill level 7 in Crossbows
  3904 | D:5      | Reached XP level 8. HP: 47/54 MP: 8/8
  4065 | D:5      | Reached skill level 4 in Fighting
  4300 | D:4      | Noticed Ijyb
  4351 | D:4      | Killed Ijyb
  4357 | D:4      | Reached * piety under Dithmenos
  4532 | D:5      | Reached skill level 5 in Short Blades
  4561 | D:4      | Reached skill level 4 in Stealth
  5123 | D:5      | Reached skill level 5 in Stealth
  5131 | D:5      | Reached skill level 6 in Short Blades
  5160 | D:6      | Noticed Xoff's ghost (novice OpWz)
  5209 | D:6      | Reached ** piety under Dithmenos
  5212 | D:6      | Found a large runed door.
  5212 | D:6      | Found a large runed door.
  5320 | D:6      | Reached XP level 9. HP: 56/59 MP: 9/9
  5362 | D:6      | HP: 11/59 [Xoff's ghost (6)]
  5365 | D:6      | HP: 4/59 [Xoff's ghost/magic dart (3)]
  5553 | D:6      | Noticed Grinder
  5880 | D:6      | Found a runed door.
  5916 | D:6      | Killed Xoff's ghost
  5916 | D:6      | Reached skill level 5 in Fighting
  5916 | D:6      | Reached skill level 7 in Short Blades
  5916 | D:6      | Reached skill level 6 in Stealth
  5961 | D:6      | Found a large runed door.
  5962 | D:6      | Found a large runed door.
  6040 | D:6      | Noticed Duvessa
  6040 | D:6      | Noticed Dowan
  6079 | D:6      | Killed Dowan
  6081 | D:6      | Killed Duvessa
  6081 | D:6      | Reached skill level 7 in Stealth
  6101 | D:6      | Got a brightly glowing tin ring
  6112 | D:6      | Identified the ring "Mebrem" {+Fly Int+2} (You found it on level 6 of the Dungeon)
  6273 | D:6      | Noticed Grinder
  6273 | D:6      | Grinder changed into Grinder the crimson imp
  6337 | D:6      | Killed Grinder the crimson imp
  6357 | D:6      | Reached skill level 1 in Evocations
  6385 | D:6      | Reached skill level 2 in Evocations
  6643 | D:6      | Found a staircase to the Ecumenical Temple.
  6652 | Temple   | Entered the Ecumenical Temple
  6717 | D:6      | Noticed Crazy Yiuf
  6728 | D:6      | Killed Crazy Yiuf
  6728 | D:6      | Reached skill level 3 in Evocations
  6887 | D:7      | Noticed a hippogriff
  6920 | D:7      | Killed a hippogriff
  6920 | D:7      | Reached skill level 4 in Evocations
  6920 | D:7      | Reached XP level 10. HP: 67/67 MP: 9/13
  7026 | D:7      | Reached skill level 5 in Evocations
  7167 | D:7      | Reached skill level 6 in Evocations
  7246 | D:7      | Found Qialahok's General Store.
  7383 | D:8      | Reached skill level 8 in Short Blades
  7695 | D:8      | Reached skill level 7 in Evocations
  7935 | D:8      | Reached *** piety under Dithmenos
  8277 | D:8      | Reached skill level 8 in Stealth
  8564 | D:9      | Noticed a two-headed ogre
  8585 | D:9      | Killed a two-headed ogre
  8585 | D:9      | Reached skill level 9 in Short Blades
  8606 | D:9      | Reached XP level 11. HP: 72/72 MP: 16/16
  8668 | D:9      | Reached skill level 8 in Evocations
  8765 | D:9      | Found a staircase to the Lair.
  8808 | D:9      | Reached skill level 10 in Short Blades
  9038 | D:9      | Found a burning altar of Makhleb.
  9040 | D:9      | Found a blossoming altar of Fedhas.
  9077 | D:9      | Reached skill level 1 in Armour
  9136 | D:9      | Reached skill level 4 in Dodging
  9260 | D:9      | Learned a level 1 spell: Animate Skeleton
  9262 | D:9      | Learned a level 1 spell: Apportation
  9317 | D:9      | Found Diqyra's Book Emporium.
  9440 | D:9      | Reached skill level 2 in Armour
  9639 | Lair:1   | Entered Level 1 of the Lair of Beasts
  9640 | Lair:1   | Reached skill level 6 in Fighting
  9838 | Lair:1   | Reached skill level 9 in Evocations
  9887 | Lair:1   | HP: 16/72 [spiny frog (14)]
  9889 | Lair:1   | Reached skill level 3 in Armour
  9894 | Lair:1   | Reached **** piety under Dithmenos
  9894 | Lair:1   | Reached skill level 5 in Dodging
 10040 | Lair:1   | Reached skill level 4 in Armour
 10107 | Lair:1   | Reached XP level 12. HP: 34/80 MP: 19/19
 10108 | Lair:1   | Upgraded the game from 0.22-a0-126-g307c7c3 to 0.22-a0-135-g6f012ad
 10468 | Lair:1   | Noticed Prince Ribbit
 10521 | Lair:1   | Reached skill level 6 in Dodging
 10915 | Lair:2   | Reached skill level 7 in Fighting
 11041 | Lair:2   | Reached skill level 5 in Armour
 11060 | Lair:2   | Got a smoking buckler
 11066 | Lair:2   | Identified the +1 buckler "Sanewkig" {rPois rF- Int+5 Stlth+} (You found it on level 2 of the Lair of Beasts)
 11323 | Lair:2   | Reached skill level 1 in Shields
 11323 | Lair:2   | Reached skill level 1 in Invocations
 11545 | Lair:3   | Found a staircase to the Swamp.
 11619 | Lair:3   | Reached skill level 2 in Shields
 11619 | Lair:3   | Reached skill level 2 in Invocations
 11782 | Lair:3   | Reached skill level 10 in Evocations
 11839 | Lair:3   | Reached skill level 3 in Shields
 11839 | Lair:3   | Reached skill level 3 in Invocations
 12337 | Lair:3   | Noticed Harold
 12348 | Lair:3   | Killed Harold
 12422 | Lair:3   | Found a hole to the Spider Nest.
 12833 | Lair:4   | Reached skill level 11 in Short Blades
 12833 | Lair:4   | Reached skill level 4 in Shields
 13272 | Lair:4   | Identified a scroll of acquirement
 13554 | Lair:5   | Reached XP level 13. HP: 78/86 MP: 20/20
 13556 | Lair:5   | Reached skill level 7 in Dodging
 13729 | Lair:5   | Found a viscous altar of Jiyva.
 13729 | Lair:5   | Found a staircase to the Slime Pits.
 13824 | Lair:5   | Reached skill level 5 in Shields
 14040 | Lair:5   | Noticed a seven-headed hydra
 14044 | Lair:5   | Killed a seven-headed hydra
 14044 | Lair:5   | Reached skill level 8 in Crossbows
 14345 | Lair:6   | Entered Level 6 of the Lair of Beasts
 14403 | Lair:6   | Reached skill level 8 in Dodging
 14422 | Lair:6   | Got a shimmering ring mail
 14433 | Lair:6   | Identified the +1 ring mail of Tasch {rN+ MR+ Dex+6} (You found it on level 6 of the Lair of Beasts)
 14483 | Lair:6   | Noticed Snorg
 14489 | Lair:6   | Killed Snorg
 14537 | Lair:6   | Noticed a catoblepas
 14561 | Lair:6   | Killed a catoblepas
 14568 | Lair:6   | Reached skill level 9 in Crossbows
 14702 | Lair:6   | Noticed a catoblepas
 14707 | Lair:6   | Killed a catoblepas
 14749 | Lair:6   | Reached skill level 8 in Fighting
 15070 | Lair:6   | Reached skill level 9 in Dodging
 15471 | Lair:6   | Reached skill level 6 in Armour
 15490 | Lair:6   | Reached XP level 14. HP: 65/95 MP: 21/21
 15791 | Lair:6   | Reached skill level 10 in Crossbows
 16239 | Lair:1   | Killed Prince Ribbit
 16274 | D:10     | Entered Level 10 of the Dungeon
 16455 | D:10     | Noticed Josephine
 16642 | D:10     | Reached skill level 7 in Armour
 16642 | D:10     | Reached skill level 10 in Dodging
 16710 | D:10     | Reached skill level 9 in Fighting
 16946 | D:10     | Found a staircase to the Orcish Mines.
 17030 | D:10     | Reached ***** piety under Dithmenos
 17761 | D:11     | Noticed Erolcha
 17766 | D:11     | Killed Erolcha
 18270 | D:12     | Learned a level 1 spell: Summon Butterflies
 18302 | D:12     | HP: 24/97 [burnt (4)]
 18526 | D:12     | Got a heavily runed ring mail
 18578 | D:12     | Identified the +2 ring mail of Viycaoco {rC+ Str-4 Int+3 Dex+3} (You found it on level 12 of the Dungeon)
 18704 | D:12     | Reached skill level 8 in Armour
 19217 | D:13     | Found Qoxup's Weapon Emporium.
 19447 | D:13     | Reached skill level 11 in Crossbows
 19891 | D:13     | Reached skill level 11 in Dodging
 19891 | D:13     | Reached XP level 15. HP: 103/103 MP: 22/22
 20059 | D:14     | Found a frozen archway.
 20075 | IceCv    | Entered an ice cave
 20078 | IceCv    | Found a transporter.
 20378 | D:14     | Reached skill level 10 in Fighting
 20532 | D:14     | Reached skill level 9 in Armour
 20929 | D:14     | Found a gate to the Vaults.
 21237 | D:15     | Entered Level 15 of the Dungeon
 21262 | D:15     | Paralysed by a hornet for 2 turns
 21495 | D:15     | Reached skill level 12 in Short Blades
 21859 | D:15     | Found a staircase to the Depths.
 21957 | D:15     | Reached ****** piety under Dithmenos
 22126 | D:15     | Reached skill level 12 in Crossbows
 22128 | D:15     | Noticed Nessos
 22138 | D:15     | Killed Nessos
 22838 | D:15     | Learned a level 3 spell: Portal Projectile
 22953 | Orc:1    | Entered Level 1 of the Orcish Mines
 23111 | D:10     | Reached skill level 1 in Translocations
 23534 | Orc:1    | Reached skill level 1 in Hexes
 23605 | Orc:2    | Entered Level 2 of the Orcish Mines
 23792 | Orc:2    | Found a radiant altar of Vehumet.
 23793 | Orc:2    | Found a labyrinth entrance.
 23808 | Orc:2    | Noticed a stone giant
 23810 | Orc:2    | Killed a stone giant
 23810 | Orc:2    | Reached skill level 1 in Summonings
 23900 | Orc:2    | Found a staircase to the Elven Halls.
 23960 | Orc:2    | Reached skill level 2 in Translocations
 24134 | Orc:2    | Reached XP level 16. HP: 110/110 MP: 23/23
 24163 | Orc:2    | Reached skill level 2 in Hexes
 24332 | Orc:2    | Reached skill level 3 in Translocations
 24371 | Orc:2    | Reached skill level 2 in Summonings
 24471 | Orc:2    | Found Ewnukeqy's Assorted Antiques.
 24471 | Orc:2    | Found Ymiulef's General Store.
 24473 | Orc:2    | Found Zuwk's Assorted Antiques.
 24485 | Orc:2    | Found Qonigigy's Gadget Emporium.
 24794 | Orc:2    | Bought a glass ring for 120 gold pieces
 24794 | Orc:2    | Bought 3 potions of curing for 216 gold pieces
 24796 | Orc:2    | Bought a scroll of acquirement for 1560 gold pieces
 24800 | Orc:2    | Bought a wand of digging (8) for 360 gold pieces
 24804 | Orc:2    | Got a heavily runed copper ring
 24806 | Orc:2    | Identified the ring of Youthful Indiscretion {rC+ MR+} (You acquired it on level 2 of the Orcish Mines)
 24862 | Orc:2    | Bought a shiny ring mail for 168 gold pieces
 24947 | D:9      | Killed Josephine
 25166 | Swamp:1  | Entered Level 1 of the Swamp
 25206 | Swamp:1  | Reached skill level 4 in Translocations
 25390 | Swamp:1  | Paralysed by a hornet for 1 turns
 25695 | Swamp:1  | Reached skill level 12 in Dodging
 26160 | Swamp:1  | Noticed a thorn hunter
 26170 | Swamp:1  | Killed a thorn hunter
 26365 | Swamp:1  | Reached skill level 11 in Fighting
 26893 | Swamp:2  | Noticed Jorgrun
 26935 | Swamp:2  | Reached skill level 4 in Invocations
 26936 | Swamp:2  | Noticed a thorn hunter
 26954 | Swamp:1  | Killed a thorn hunter
 27485 | Swamp:2  | Noticed a thorn hunter
 27512 | Swamp:2  | HP: 16/112 [thorn hunter/volley of thorns (17)]
 27513 | Swamp:2  | Killed a thorn hunter
 28344 | Swamp:2  | Killed Jorgrun
 28710 | Swamp:3  | Reached skill level 5 in Invocations
 28879 | Swamp:3  | Reached XP level 17. HP: 117/117 MP: 25/25
 29479 | Swamp:4  | Entered Level 4 of the Swamp
 29507 | Swamp:4  | Reached skill level 11 in Evocations
 29527 | Swamp:4  | Reached skill level 13 in Crossbows
 29527 | Swamp:4  | Reached skill level 13 in Dodging
 29856 | Swamp:4  | Noticed a thorn hunter
 29861 | Swamp:4  | Noticed Donald
 29867 | Swamp:4  | Killed a thorn hunter
 29892 | Swamp:4  | Noticed a thorn hunter
 29901 | Swamp:4  | HP: 25/117 [eight-headed hydra (5)]
 30194 | Swamp:4  | Reached skill level 6 in Invocations
 30489 | Swamp:4  | Killed Donald
 30621 | Swamp:4  | Killed a thorn hunter
 30625 | Swamp:4  | Reached skill level 7 in Invocations
 31009 | Swamp:4  | Got a decaying rune of Zot
 31497 | Spider:1 | Entered Level 1 of the Spider Nest
 31763 | Spider:1 | Reached skill level 12 in Fighting
 31777 | Spider:1 | Reached skill level 1 in Long Blades
 31846 | Spider:1 | Reached skill level 10 in Armour
 32391 | Spider:3 | Reached skill level 2 in Long Blades
 33126 | Spider:4 | Entered Level 4 of the Spider Nest
 33130 | Spider:4 | Reached XP level 18. HP: 126/126 MP: 23/26
 33733 | Spider:2 | Reached skill level 3 in Long Blades
 34355 | Spider:4 | Reached skill level 14 in Crossbows
 34377 | Spider:4 | Reached skill level 14 in Dodging
 34549 | Spider:4 | Noticed Arachne
 34577 | Spider:4 | Killed Arachne
 34588 | Spider:4 | Reached skill level 4 in Long Blades
 35232 | Spider:4 | Reached skill level 11 in Armour
 36017 | Spider:4 | Reached skill level 5 in Long Blades
 36200 | Spider:4 | Got a gossamer rune of Zot
 36875 | Elf:1    | Entered Level 1 of the Elven Halls
 37012 | Elf:1    | Reached XP level 19. HP: 117/133 MP: 24/27
 37069 | Elf:1    | Found Wybli's Armour Boutique.
 37070 | Elf:1    | Found a radiant altar of Vehumet.
 37083 | Elf:1    | Bought a +2 pair of boots of stealth for 322 gold pieces
 37207 | Elf:1    | Reached skill level 13 in Fighting
 37207 | Elf:1    | Reached skill level 6 in Long Blades
 37582 | Elf:1    | Identified the ring of Vexkaon {Ice rN+ Int+4} (You found it on level 1 of the Elven Halls)
 37747 | Elf:1    | Found a gateway to a bazaar.
 37760 | Bazaar   | Entered a bazaar
 37760 | Bazaar   | Found Riuhoen's Antique Weapon Shoppe.
 37760 | Bazaar   | Found Vuuduh's Gadget Shoppe.
 37760 | Bazaar   | Found Kuadyimy's Armour Emporium.
 37760 | Bazaar   | Found Plog's Book Emporium.
 37845 | Elf:1    | Found Xoelijodu's Jewellery Boutique.
 37944 | Elf:1    | Identified the Grimoire of Necromancy
 38410 | Elf:1    | Reached skill level 12 in Armour
 38422 | Elf:1    | Reached skill level 15 in Dodging
 38521 | Elf:1    | Found Zorodobu's Gadget Shop.
 38553 | Elf:1    | Reached skill level 15 in Crossbows
 38803 | Elf:2    | Found a runed gate.
 38803 | Elf:2    | Found a runed gate.
 38803 | Elf:2    | Found a runed gate.
 38928 | Elf:2    | Found Ufeofiso's Book Emporium.
 38957 | Elf:2    | Reached skill level 7 in Long Blades
 40032 | Elf:3    | Entered Level 3 of the Elven Halls
 40060 | Elf:3    | Reached XP level 20. HP: 100/141 MP: 21/28
 40433 | Elf:3    | HP: 35/141 [acid (6)]
 40791 | Vaults:1 | Entered Level 1 of the Vaults
 41205 | Vaults:1 | Reached skill level 8 in Long Blades
 41688 | Vaults:1 | HP: 35/142 [something (4)]
 41694 | Vaults:1 | Reached skill level 13 in Armour
 41694 | Vaults:1 | HP: 34/142 [shot self (3)]
 42025 | Vaults:1 | Paralysed by a hornet for 3 turns
 42222 | Elf:1    | Bought an uncursed ring of see invisible for 270 gold pieces
 42632 | Vaults:1 | HP: 27/142 [vault warden/enchanted great mace (18)]
 42635 | Vaults:1 | HP: 8/142 [vault warden/enchanted great mace (20)]
 42636 | Vaults:1 | HP: 1/142 [vault warden/enchanted great mace (25)]
 43045 | Depths:1 | Entered Level 1 of the Depths
 43525 | Depths:1 | Reached skill level 14 in Fighting
 43677 | Depths:1 | Reached skill level 16 in Dodging
 43692 | Depths:1 | Reached skill level 9 in Long Blades
 43878 | Depths:1 | Found Unom's Jewellery Emporium.
 43878 | Depths:1 | Found Uthepn's Gadget Boutique.
 43879 | Depths:1 | Found Gois's Jewellery Emporium.
 44058 | Depths:1 | Found a gateway to Hell.
 44130 | Depths:1 | Found a one-way gate to the infinite horrors of the Abyss.
 44373 | Depths:1 | Voluntarily entered the Abyss.
 45091 | Abyss:1  | Reached XP level 21. HP: 94/148 MP: 29/29
 45636 | Depths:1 | Escaped the Abyss
 46778 | Elf:3    | Reached skill level 16 in Crossbows
 46930 | Elf:3    | Got an ichor-stained robe
 46938 | Elf:3    | Reached skill level 14 in Armour
 46989 | Elf:3    | Reached skill level 10 in Long Blades
 47718 | Elf:3    | HP: 31/149 [deep elf sorcerer/bolt of acid (26)]
 47719 | Elf:3    | HP: 15/149 [deep elf sorcerer/bolt of acid (4)]
 47719 | Elf:3    | HP: 5/149 [acid (10)]
 47724 | Elf:3    | Killed from afar by a deep elf sorcerer

Vault maps used:
D:1:      minmay_arrival_stair_chambers, roderic_lattice_a
D:2:      minmay_domino_4
D:4:      first_ration, uniq_ijyb
D:5:      gammafunk_temple_overflow_elements, serial_park_tiny_pond
D:6:      minmay_temple_entry_poolview, minmay_hollow_rounded_squares,
          uniq_grinder, uniq_duvessa, uniq_crazy_yiuf_cottage
D:7:      serial_shops, shop
D:8:      cheibrodos_two_vegetables
D:9:      minitemple, due_lair_maze_entry_diamond, serial_shops,
          nicolae_shop_statue_plus
D:10:     kennysheep_orc_monster_closet_entryway, uniq_josephine
D:11:     uniq_erolcha
D:12:     hangedman_stone_soup
D:13:     serial_shops, shop_fountains
D:14:     hangedman_vaults_entry_quadrant_bands,
          portal_ice_cave_entry_ice_beasts
D:15:     gammafunk_depths_entry_grave, minmay_misc_feat_encased, uniq_nessos
Temple:   dpeg_five_rooms_temple
Lair:1:   nicolae_quartered_pool_medium, serial_bayou_shore_b,
          uniq_prince_ribbit2
Lair:3:   minmay_swamp_entry_reptiles, spider_nest_entry_funnel_web,
          serial_bayou_shore_b, grunt_megastairs_3, minmay_lair_oklob_chamber,
          infiniplex_staircase_pool, uniq_harold
Lair:4:   serial_bayou_shore_a
Lair:5:   slime_altar_1, serial_bayou_pond_a
Lair:6:   evilmike_catoblepas_cave, uniq_snorg
Swamp:1:  evilmike_swamp_ruin_house_3
Swamp:2:  evilmike_swamp_ruin_rubble_2, swamp_pool1, uniq_jorgrun
Swamp:3:  hangedman_swamp_ruin_wall
Swamp:4:  swamp_alternative, swamp_pool1, nicolae_swamp_snake_nest, uniq_donald
Spider:3: hangedman_stitches_earthworm
Spider:4: floodkiller_spider_rune_tomb, einodemon_crawler_minivault,
          uniq_arachne, uniq_bai_suzhen
Orc:2:    st_orc_mages, basic_altar, lab_entry_generic, enter_volcano_3
Elf:1:    elf_arrival_001, serial_shops, statue_bzr, shop, shop,
          nicolae_shop_behind_doors, special_room, basic_altar,
          minmay_elf_necromancy
Elf:2:    serial_shops, nicolae_shop_trees
Elf:3:    minmay_elf_hall_curves
Vaults:1: v_misc_23, grunt_vaults_swirl, vaults_dpeg_cross,
          nicolae_vaults_little_squares_3, hangedman_vaults_pinch,
          vaults_room_door_ring, hangedman_vaults_unwind,
          hangedman_vaults_restitches, vaults_mumra_lcd, ontoclasm_vaults_fault,
          ontoclasm_vaults_ring_small, dpeg_vaults_waves, vaults_room_corners,
          vaults_room_grid, grunt_vaults_bifocal, vaults_dpeg_ring
Depths:1: serial_bayou_pond_d, abyss_entry, hell_entry,
          hangedman_abyss_or_decor_slice, lightli_minifort, grunt_megastairs_2,
          minmay_shop_grove
Abyss:1:  hangedman_abyss_monster_moat
Bazaar:   bazaar_minmay_row
IceCv:    ice_cave_statue_garden_teleport

Skill      XL: |  1  2  3  4  5  6  7  8  9 10 11 12 13 14 15 16 17 18 19 20 21 |
---------------+----------------------------------------------------------------+-----
Short Blades   | 1 2 3 4 6 7 9 10 11 12 | 12.6
Stealth        | 2 3 5 7 8 |  8.8
Crossbows      | 5 6 7 9 11 12 13 14 15 16 | 16.1
Fighting       | 3 4 5 6 7 8 9 10 11 12 13 14 | 14.5
Dodging        | 3 5 6 9 11 12 13 14 15 16 | 16.6
Evocations     | 4 7 9 10 11 | 11.5
Armour         | 4 5 6 8 9 10 11 12 13 14 | 14.1
Shields        | 4 5 |  5.6
Invocations    | 3 5 7 |  7.0
Translocations | 2 4 |  4.0
Hexes          | 1 2 |  2.9
Summonings     | 1 2 |  2.4
Long Blades    | 2 5 7 9 10 | 10.1

Action                   |  1- 3 |  4- 6 |  7- 9 | 10-12 | 13-15 | 16-18 | 19-21 || total
-------------------------+-------+-------+-------+-------+-------+-------+-------++-------
Melee: Short sword       |    36 |   117 |   535 |       |       |       |       ||   688
       Hand axe          |       |    17 |       |       |       |       |       ||    17
       Dagger            |       |       |   136 |   681 |       |       |       ||   817
       Rapier            |       |       |       |   273 |  1173 |   745 |   390 ||  2581
       Arbalest          |       |       |       |       |     2 |       |       ||     2
       Double sword      |       |       |       |       |       |   130 |   573 ||   703
 Fire: Hand crossbow     |    27 |    48 |    24 |     8 |       |       |       ||   107
       Arbalest          |       |       |       |    21 |   461 |   858 |   402 ||  1742
 Cast: Portal Projectile |       |       |       |       |       |     1 |       ||     1
Invok: Shadow Step       |       |       |     1 |     6 |     5 |     2 |     2 ||    16
       Shadow Form       |       |       |       |       |       |     1 |     1 ||     2
 Abil: Evoke Invisibilit |       |       |     1 |     4 |     6 |     6 |     3 ||    20
       Evoke Flight      |       |       |       |     1 |       |       |       ||     1
       End Transformatio |       |       |       |       |       |     1 |     1 ||     2
Evoke: Wand              |       |       |    11 |    17 |    38 |    49 |    17 ||   132
       Phial of floods   |       |       |       |       |     2 |     7 |     2 ||    11
       Phantom mirror    |       |       |       |       |       |     1 |       ||     1
       Lightning rod     |       |       |       |       |       |       |     3 ||     3
  Use: Scroll            |     3 |       |     8 |    14 |    12 |    24 |    22 ||    83
       Potion            |       |     1 |     4 |     2 |     2 |    11 |    10 ||    30
 Stab: Sleeping          |     4 |     4 |     6 |    32 |    47 |    16 |    26 ||   135
       Distracted        |       |       |     4 |     6 |     1 |     3 |     3 ||    17
       Invisible         |       |       |     2 |     1 |    26 |    15 |     8 ||    52
       Paralysed         |       |       |       |     4 |     2 |     1 |     1 ||     8
       Petrified         |       |       |       |       |     5 |       |       ||     5
       Petrifying        |       |       |       |       |     3 |       |       ||     3
       Held in net/web   |       |       |       |       |       |     1 |       ||     1
  Eat: Chunk             |     1 |     3 |     5 |     9 |     6 |     2 |     7 ||    33
       Ration            |       |     1 |     3 |     4 |     9 |    12 |     9 ||    38
Armor: Leather armour    |     6 |    20 |       |       |       |       |       ||    26
       Robe              |       |    36 |   107 |    12 |     9 |       |       ||   164
       Skin              |       |     7 |    17 |       |       |       |       ||    24
       Steam dragon scal |       |       |       |    68 |       |       |       ||    68
       Ring mail         |       |       |       |       |   140 |    34 |   164 ||   338
       Swamp dragon scal |       |       |       |       |       |   323 |       ||   323
Dodge: Dodged            |    27 |   137 |   446 |   519 |  1158 |  1931 |  1278 ||  5496
Block: Buckler           |       |       |       |    25 |       |       |       ||    25
       Rpst.: Double sword |       |       |       |       |       |    58 |   150 ||   208

Table legend:
 A = Spawn XP
 B = Non-spawn XP
 C = Spawn XP percentage of total XP
 D = Spawn monster count
 E = Non-spawn monster count
 F = Spawn count percentage of total count
 G = Total turns spent on level
                    A         B        C        D         E        F      G
               +---------+---------+-------+---------+---------+-------+---------
         Total |   15713 |  439612 |   3.5 |      31 |    1284 |   2.4 | 47724
               +---------+---------+-------+---------+---------+-------+---------
           D:1 |       0 |      15 |   0.0 |       0 |       9 |   0.0 |   697
           D:2 |       0 |      57 |   0.0 |       0 |      15 |   0.0 |  1044
           D:3 |       0 |     210 |   0.0 |       0 |      24 |   0.0 |   994
           D:4 |       0 |     285 |   0.0 |       0 |      20 |   0.0 |   682
           D:5 |       0 |    1245 |   0.0 |       0 |      35 |   0.0 |  1912
           D:6 |       0 |    1772 |   0.0 |       0 |      31 |   0.0 |  1532
           D:7 |       0 |    1222 |   0.0 |       0 |      15 |   0.0 |   547
           D:8 |       0 |    1637 |   0.0 |       0 |      25 |   0.0 |  1193
           D:9 |       0 |    5666 |   0.0 |       0 |      41 |   0.0 |  1333
          D:10 |       0 |    4503 |   0.0 |       0 |      56 |   0.0 |  1345
          D:11 |       0 |    6241 |   0.0 |       0 |      33 |   0.0 |   981
          D:12 |       0 |    4719 |   0.0 |       0 |      27 |   0.0 |  1231
          D:13 |       0 |    8575 |   0.0 |       0 |      28 |   0.0 |   685
          D:14 |       0 |   11538 |   0.0 |       0 |      46 |   0.0 |  1800
          D:15 |       0 |   15393 |   0.0 |       0 |      35 |   0.0 |  1536
        Lair:1 |       0 |    7102 |   0.0 |       0 |      38 |   0.0 |  1278
        Lair:2 |       0 |    3187 |   0.0 |       0 |      12 |   0.0 |   830
        Lair:3 |       0 |    7310 |   0.0 |       0 |      22 |   0.0 |  1786
        Lair:4 |       0 |    1706 |   0.0 |       0 |       7 |   0.0 |   714
        Lair:5 |       0 |    4023 |   0.0 |       0 |      13 |   0.0 |  1154
        Lair:6 |       0 |   19712 |   0.0 |       0 |      43 |   0.0 |  1597
       Swamp:1 |       0 |   17934 |   0.0 |       0 |      43 |   0.0 |  1744
       Swamp:2 |       0 |   13379 |   0.0 |       0 |      30 |   0.0 |  1529
       Swamp:3 |       0 |    8467 |   0.0 |       0 |      24 |   0.0 |   837
       Swamp:4 |       0 |   31802 |   0.0 |       0 |      62 |   0.0 |  1922
      Spider:1 |       0 |    5331 |   0.0 |       0 |      18 |   0.0 |   560
      Spider:2 |       0 |   13023 |   0.0 |       0 |      43 |   0.0 |   971
      Spider:3 |       0 |    5916 |   0.0 |       0 |      18 |   0.0 |   935
      Spider:4 |       0 |   45694 |   0.0 |       0 |     110 |   0.0 |  2433
         Orc:1 |       0 |    1444 |   0.0 |       0 |      19 |   0.0 |   643
         Orc:2 |       0 |    9974 |   0.0 |       0 |      69 |   0.0 |  1356
         Elf:1 |       0 |   38618 |   0.0 |       0 |      65 |   0.0 |  1872
         Elf:2 |       0 |   35977 |   0.0 |       0 |      52 |   0.0 |  1656
         Elf:3 |       0 |   39841 |   0.0 |       0 |      40 |   0.0 |  2001
      Vaults:1 |       0 |   32736 |   0.0 |       0 |      61 |   0.0 |  1603
      Depths:1 |       0 |   29656 |   0.0 |       0 |      37 |   0.0 |  1274
       Abyss:1 |   15713 |    1516 |  91.2 |      31 |       9 |  77.5 |  1263
         IceCv |       0 |    2186 |   0.0 |       0 |       9 |   0.0 |   172
               +---------+---------+-------+---------+---------+-------+---------

Vault maps used:
D:1:      minmay_arrival_stair_chambers, roderic_lattice_a
D:2:      minmay_domino_4
D:4:      first_ration, uniq_ijyb
D:5:      gammafunk_temple_overflow_elements, serial_park_tiny_pond
D:6:      minmay_temple_entry_poolview, minmay_hollow_rounded_squares,
          uniq_grinder, uniq_duvessa, uniq_crazy_yiuf_cottage
D:7:      serial_shops, shop
D:8:      cheibrodos_two_vegetables
D:9:      minitemple, due_lair_maze_entry_diamond, serial_shops,
          nicolae_shop_statue_plus
D:10:     kennysheep_orc_monster_closet_entryway, uniq_josephine
D:11:     uniq_erolcha
D:12:     hangedman_stone_soup
D:13:     serial_shops, shop_fountains
D:14:     hangedman_vaults_entry_quadrant_bands,
          portal_ice_cave_entry_ice_beasts
D:15:     gammafunk_depths_entry_grave, minmay_misc_feat_encased, uniq_nessos
Temple:   dpeg_five_rooms_temple
Lair:1:   nicolae_quartered_pool_medium, serial_bayou_shore_b,
          uniq_prince_ribbit2
Lair:3:   minmay_swamp_entry_reptiles, spider_nest_entry_funnel_web,
          serial_bayou_shore_b, grunt_megastairs_3, minmay_lair_oklob_chamber,
          infiniplex_staircase_pool, uniq_harold
Lair:4:   serial_bayou_shore_a
Lair:5:   slime_altar_1, serial_bayou_pond_a
Lair:6:   evilmike_catoblepas_cave, uniq_snorg
Swamp:1:  evilmike_swamp_ruin_house_3
Swamp:2:  evilmike_swamp_ruin_rubble_2, swamp_pool1, uniq_jorgrun
Swamp:3:  hangedman_swamp_ruin_wall
Swamp:4:  swamp_alternative, swamp_pool1, nicolae_swamp_snake_nest, uniq_donald
Spider:3: hangedman_stitches_earthworm
Spider:4: floodkiller_spider_rune_tomb, einodemon_crawler_minivault,
          uniq_arachne, uniq_bai_suzhen
Orc:2:    st_orc_mages, basic_altar, lab_entry_generic, enter_volcano_3
Elf:1:    elf_arrival_001, serial_shops, statue_bzr, shop, shop,
          nicolae_shop_behind_doors, special_room, basic_altar,
          minmay_elf_necromancy
Elf:2:    serial_shops, nicolae_shop_trees
Elf:3:    minmay_elf_hall_curves
Vaults:1: v_misc_23, grunt_vaults_swirl, vaults_dpeg_cross,
          nicolae_vaults_little_squares_3, hangedman_vaults_pinch,
          vaults_room_door_ring, hangedman_vaults_unwind,
          hangedman_vaults_restitches, vaults_mumra_lcd, ontoclasm_vaults_fault,
          ontoclasm_vaults_ring_small, dpeg_vaults_waves, vaults_room_corners,
          vaults_room_grid, grunt_vaults_bifocal, vaults_dpeg_ring
Depths:1: serial_bayou_pond_d, abyss_entry, hell_entry,
          hangedman_abyss_or_decor_slice, lightli_minifort, grunt_megastairs_2,
          minmay_shop_grove
Abyss:1:  hangedman_abyss_monster_moat
Bazaar:   bazaar_minmay_row
IceCv:    ice_cave_statue_garden_teleport

Table legend:
 A = Turns spent in this place as a percentage of turns spent in the entire game.
 B = Non-inter-level travel turns spent in this place as a percentage of non-inter-level travel turns spent in the entire game.
 C = Inter-level travel turns spent in this place as a percentage of turns spent in this place.
 D = Turns resting spent in this place as a percentage of non-inter-level travel turns spent in this place.
 E = Turns spent auto-exploring this place as a percentage of non-inter-level travel turns spent in this place.
 F = Non-inter-level travel turns spent in this place divided by the number of levels of this place that you've seen.
                   A       B       C       D       E      F
               +-------+-------+-------+-------+-------+----------------------
         Total | 100.0 | 100.0 |   6.8 |  22.4 |  46.6 | 1111.9
       Dungeon |  36.7 |  35.7 |   9.3 |  16.2 |  53.6 | 1058.3
        Temple |   0.0 |   0.0 |   0.0 |   0.0 |   0.0 |   2.0
          Lair |  15.4 |  15.4 |   7.0 |  14.0 |  54.1 | 1141.2
         Swamp |  12.6 |  13.2 |   2.6 |  31.9 |  46.6 | 1469.0
   Spider Nest |  10.3 |  10.7 |   3.0 |  29.8 |  33.5 | 1188.2
  Orcish Mines |   4.2 |   3.9 |  13.3 |   3.9 |  58.6 | 866.5
   Elven Halls |  11.6 |  11.6 |   6.7 |  31.4 |  40.6 | 1720.0
        Vaults |   3.4 |   3.4 |   6.9 |  34.3 |  22.1 | 1492.0
        Depths |   2.7 |   2.8 |   3.9 |  47.4 |  30.2 | 1224.0
         Abyss |   2.6 |   2.8 |   0.0 |  24.6 |  28.3 | 1263.0
        Bazaar |   0.2 |   0.2 |   0.0 |   0.0 |  26.2 |  80.0
      Ice Cave |   0.4 |   0.4 |   0.0 |  18.6 |   0.0 | 172.0
               +-------+-------+-------+-------+-------+----------------------

Table legend:
 A = Kills in this place as a percentage of kills in entire the game.
 B = Kills by you in this place as a percentage of kills by you in the entire game.
 C = Kills by friends in this place as a percentage of kills by friends in the entire game.
 D = Other kills in this place as a percentage of other kills in the entire game.
 E = Experience gained in this place as a percentage of experience gained in the entire game.
 F = Experience gained in this place divided by the number of levels of this place that you have seen.
                   A       B       C       D       E      F
               +-------+-------+-------+-------+-------+----------------------
         Total | 100.0 | 100.0 | 100.0 | 100.0 | 100.0 | 11383.1
       Dungeon |  33.5 |  33.8 |   0.0 |  14.3 |  13.9 | 4205.2
          Lair |  10.3 |  10.2 |  10.0 |  28.6 |   9.5 | 7173.3
         Swamp |  12.1 |  12.0 |  30.0 |   0.0 |  15.7 | 17895.5
   Spider Nest |  14.4 |  14.3 |  20.0 |  14.3 |  15.4 | 17491.0
  Orcish Mines |   6.7 |   6.6 |  10.0 |  14.3 |   2.5 | 5709.0
   Elven Halls |  11.9 |  11.9 |  10.0 |  14.3 |  25.1 | 38145.3
        Vaults |   4.6 |   4.5 |  20.0 |   0.0 |   7.2 | 32736.0
        Depths |   2.8 |   2.8 |   0.0 |  14.3 |   6.5 | 29656.0
         Abyss |   3.0 |   3.1 |   0.0 |   0.0 |   3.8 | 17229.0
      Ice Cave |   0.7 |   0.7 |   0.0 |   0.0 |   0.5 | 2186.0
               +-------+-------+-------+-------+-------+----------------------
